 Dungeon Crawl Stone Soup version 0.32-a0-683-ge26c5dbc97 (webtiles) character file.

Game seed: 11518675300933356982

16815 Revguard the Grappler (level 12, -1/122 HPs)
             Began as a Troll Monk on Mar 12, 2024.
             Slain by Frances
             ... wielding a +2 halberd of freezing
              (25 damage)
             ... on level 12 of the Dungeon.
             The game lasted 00:32:03 (9360 turns).

Revguard the Grappler (Troll Monk)                  Turns: 9360, Time: 00:32:03

Health: -1/122     AC:  9    Str: 22    XL:     12   Next: 13%
Magic:  9/11       EV: 23    Int:  6    God:
Gold:   374        SH:  0    Dex: 16    Spells: 11/11 levels left

rFire   . .          .
                       - Unarmed
rCold   . . .        c - orb {light}
rNeg    . . .        y - +0 troll leather armour
rPois   .            P - +1 hat
rElec   .            K - +1 cloak
rCorr   .            (gloves unavailable)
SInv    .            (boots unavailable)
Will    .....        L - amulet of the acrobat
Stlth   +            i - +5 ring of evasion
HPRegen 2.00/turn    F - +5 ring of evasion
MPRegen 0.12/turn

%: acrobat
@: mighty, glowing
A: large, unfitting armour, claws 3, regeneration 1, shaggy fur 1, tough skin 1,
inability to read after injury 1
a: no special abilities


You were on level 12 of the Dungeon.
You visited 2 branches of the dungeon, and saw 13 of its levels.

You collected 675 gold pieces.
You spent 301 gold pieces at shops.

Inventory:

Hand Weapons
 G - a +2 scimitar of flaming
Missiles
 v - 46 poisoned darts
 H - 2 atropa-tipped darts
 N - 3 large rocks (quivered)
Armour
 c - an orb of light (worn)
 y - a +0 troll leather armour (worn)
 B - +0 steam dragon scales
 K - a +1 cloak (worn)
 P - a +1 hat (worn)
Jewellery
 i - a +5 ring of evasion (left claw)
 m - a ring of positive energy
 s - a ring of protection from fire
 t - a ring of ice
 F - a +5 ring of evasion (right claw)
 L - an amulet of the acrobat (around neck)
 M - an amulet of faith
Talismans
 I - a blade talisman
Wands
 a - a wand of polymorph (3)
 q - a wand of charming (10)
 D - a wand of mindburst (10)
 E - a wand of digging (7)
Scrolls
 e - a scroll of brand weapon {unknown}
 f - a scroll of acquirement {unknown}
 g - 2 scrolls of revelation
 j - 6 scrolls of immolation {unknown}
 k - 4 scrolls of teleportation {unknown}
 r - 4 scrolls of vulnerability {unknown}
 x - 3 scrolls of amnesia
Potions
 b - 2 potions of ambrosia
 d - 2 potions of heal wounds
 h - 3 potions of cancellation
 l - a potion of lignification
 n - a potion of brilliance
 o - 2 potions of attraction
 u - 5 potions of curing
 z - a potion of resistance
 A - a potion of enlightenment
 C - a potion of magic
 J - a potion of haste
 Q - a potion of berserk rage {unknown}


   Skills:
 * Level 8.7 Fighting
 + Level 7.1 Throwing
 + Level 6.4 Armour
 + Level 6.8 Dodging
 * Level 11.3 Unarmed Combat
 + Level 2.4 Shapeshifting


You had 11 spell levels left.
You didn't know any spells.
Your spell library contained the following spells:

 Spells                   Type           Power      Damage    Failure   Level
 Cigotuvi's Dreadful Rot  Necr/Alch/Air  0%         N/A       63%         2
 Jinxbite                 Hex            0%         N/A       63%         2
 Anguish                  Hex/Necr       0%         N/A       99%         4
 Cause Fear               Hex            0%         N/A       99%         4
 Dispel Undead            Necr           0%         3d6       99%         4
 Martyr's Knell           Necr/Summ      0%         N/A       99%         4
 Yara's Violent Unravell  Hex/Alch       0%         3d3       100%        5
 Enfeeble                 Hex            0%         N/A       100%        7


Dungeon Overview and Level Annotations

Branches:
Dungeon (12/15)            Temple (1/1) D:4            Lair (0/5) D:11
    Orc (0/2) D:11

Altars:
Ashenzari
Cheibriados
Dithmenos
Elyvilon
Gozag
Hepliaklqana
Kikubaaqudgha
Makhleb
Nemelex Xobeh
Okawaru
Qazlal
Ru
Sif Muna
Trog
Uskayaw
Vehumet
Wu Jian
Xom
Yredelemnul
Zin
The Shining One

Shops:
D:3 *   D:8 *

Annotations:
D:12 Frances
Temple 4 transporters


Innate Abilities, Weirdness & Mutations

You are too large for most types of armour.
You have claws for hands.
Your natural rate of healing is unusually fast.
You are covered in fur. (AC +1)
You have tough skin. (AC +1)
You occasionally lose the ability to read scrolls when taking damage.


Message History

The slime creature closely misses you.
Frances hits you from afar with a +2 halberd of freezing!!
* * * LOW HITPOINT WARNING * * *
Frances freezes you.
* * * LOW HITPOINT WARNING * * *
The slime creature misses you.
You feel much better. The sixfirhy barely misses you.
Frances says, "Show me proof of your conquests, and I will call you a great adventurer."
Frances whispers indecipherable words.
The slime creature hits you but does no damage.
The sixfirhy barely misses you.
Two slime creatures merge to form a large slime creature.
The slime creature hits you!
* * * LOW HITPOINT WARNING * * *
Okay, then.
Okay, then.
The large slime creature is no longer weakened.
The slime creature is no longer weakened.
The sixfirhy attacks as it pursues you! The sixfirhy completely misses you.
The sixfirhy hits you.
* * * LOW HITPOINT WARNING * * *
The sixfirhy shocks you!
* * * LOW HITPOINT WARNING * * *
The sixfirhy completely misses you. x2
The neqoxec gestures at you. Something gnaws on your mind!
* * * LOW HITPOINT WARNING * * *
You feel your power leaking away.
You feel much better. The sixfirhy barely misses you. The sixfirhy hits you.
* * * LOW HITPOINT WARNING * * *
The sixfirhy shocks you!
* * * LOW HITPOINT WARNING * * *
Throw: 4 large rocks
Press: ? - help, Q - select action, (/) - cycle Shift-Dir - straight line, f/p - Frances
Aim: Frances, wielding a +2 halberd of freezing and wearing a +0 chain mail (almost dead, fast, poisoned, covered in acid, haloed, 87% to hit)
You throw a large rock. The large rock hits Frances!
Frances is almost dead.
Frances misses you. Frances barely misses you.
Frances hits you from afar with a +2 halberd of freezing!!
You die...

####....##............
#....##....########
####...(.....(...#
.....##(##.##.#..#
.....##.##.##..#.#
###....(ยง........#
###.3J#@....##.#
#.33#.....##.#
#..#@#.......#
#...##.......#
#.##..........#
#.###........... ##.#
#.........#.# #..#
##.......## # #.##
##.....## ####.####
##.(..# #.......#
.##.#


You could see Frances (fast, poisoned, corroded), a large slime creature
(corroded), a sixfirhy (summoned) and 2 neqoxecs.

Vanquished Creatures
  Gastronok (D:8)
  A centaur warrior (D:9)
  Erica (D:8)
  Pikel (D:4)
  A deep elf pyromancer (D:12)
  An ugly thing (D:9)
  Maurice (D:7)
  A cyclops (D:11)
  A gargoyle (D:5)
  An unseen horror (D:12)
  Psyche (D:9)
  6 trolls
  2 unseen horror skeletons (D:9)
  2 shadows
  A vampire (D:11)
  2 wraiths
  A wyvern (D:10)
  16 yaks
  A basilisk (D:11)
  A steam dragon (D:7)
  Menkaure (D:4)
  An acid dragon (D:11)
  A water moccasin (D:5)
  Duvessa (D:7)
  9 orc warriors
  2 sky beasts (D:7)
  2 black bears
  3 ogres (D:11)
  2 centaurs
  2 lemures (D:4)
  5 kobold brigands
  A gnoll sergeant (D:11)
  4 bullfrogs
  3 scorpions
  15 wights
  Dowan (D:7)
  A burial acolyte (D:9)
  15 killer bees
  A troll skeleton (D:9)
  5 spriggan skeletons (D:9)
  7 howler monkeys
  A lava snake (D:9)
  2 centaur zombies (D:9)
  6 crimson imps
  5 hounds
  A human zombie (D:9)
  2 jellies
  Crazy Yiuf (D:5)
  6 orc priests
  A centaur skeleton (D:9)
  A gnoll bouda (D:8)
  5 iguanas
  Ijyb (D:4)
  Terence (D:2)
  9 orc wizards
  2 sleepcaps
  Natasha (thrice) (D:4)
  3 howler monkey zombies (D:9)
  7 gnolls
  4 adders
  A shadow imp (D:6)
  5 white imps (D:6)
  3 dart slugs
  2 ribbon worms (D:2)
  45 orcs
  6 bats
  5 endoplasms
  2 giant cockroaches
  9 goblins
  4 hobgoblins
  9 jackals
  2 quokkas
  6 ball pythons
  7 frilled lizards
  A goblin skeleton (D:8)
  A goblin zombie (D:8)
  4 hobgoblin zombies (D:8)
  30 kobolds
  3 kobold skeletons (D:8)
  A kobold zombie (D:8)
  An orc skeleton (D:8)
  2 rats
335 creatures vanquished.

Vanquished Creatures (collateral kills)
  An orc wizard (D:5)
1 creature vanquished.

Vanquished Creatures (others)
  An ice beast (D:7)
  An orc (D:7)
2 creatures vanquished.

Grand Total: 338 creatures vanquished

Notes
Turn   | Place    | Note
-------+----------+-------------------------------------------
     0 | D:1      | Revguard the Troll Monk began the quest for the Orb.
     0 | D:1      | Reached XP level 1. HP: 22/22 MP: 0/0
   107 | D:1      | Reached XP level 2. HP: 29/29 MP: 1/1
   430 | D:1      | Reached XP level 3. HP: 33/36 MP: 2/2
   453 | D:1      | Reached skill level 1 in Throwing
  1053 | D:2      | Noticed Terence
  1061 | D:2      | Killed Terence
  1062 | D:2      | Reached skill level 1 in Armour
  1062 | D:2      | Reached XP level 4. HP: 39/44 MP: 3/3
  1108 | D:2      | Found a faded altar of an unknown god.
  1613 | D:3      | Found Igymoq's Assorted Antiques.
  1616 | D:3      | Bought a scroll labelled JIOFOS TYTTOL for 29 gold pieces
  1616 | D:3      | Bought a scroll labelled HIFUALLUXI for 29 gold pieces
  1616 | D:3      | Bought a pink potion for 26 gold pieces
  1763 | D:3      | Found a hazy altar of Hepliaklqana.
  1964 | D:4      | Noticed Ijyb
  1970 | D:4      | Killed Ijyb
  1971 | D:4      | Reached skill level 4 in Unarmed Combat
  1971 | D:4      | Reached XP level 5. HP: 53/53 MP: 4/4
  1991 | D:4      | Noticed Menkaure
  2010 | D:4      | Killed Menkaure
  2011 | D:4      | Reached XP level 6. HP: 61/61 MP: 5/5
  2031 | D:4      | Identified the +0 robe "Daargh" {+Blink rF- Int+8}
  2101 | D:4      | Found a sparkling altar of Nemelex Xobeh.
  2154 | D:4      | Noticed Natasha
  2159 | D:4      | Killed Natasha
  2160 | D:4      | Reached skill level 5 in Unarmed Combat
  2197 | D:4      | Found a staircase to the Ecumenical Temple.
  2210 | Temple   | Found a transporter.
  2210 | Temple   | Found a transporter.
  2210 | Temple   | Found a transporter.
  2210 | Temple   | Found a transporter.
  2210 | Temple   | Entered the Ecumenical Temple
  2277 | D:4      | Found a glowing silver altar of Zin.
  2417 | D:4      | Noticed Pikel
  2442 | D:4      | Killed Pikel
  2443 | D:4      | Reached XP level 7. HP: 32/68 MP: 6/6
  2628 | D:4      | Noticed Natasha
  2633 | D:4      | Killed Natasha
  2634 | D:4      | Reached skill level 6 in Unarmed Combat
  2734 | D:4      | Noticed Natasha
  2740 | D:4      | Killed Natasha
  2775 | D:5      | Entered Level 5 of the Dungeon
  2899 | D:5      | Reached XP level 8. HP: 78/78 MP: 7/7
  2985 | D:5      | Found a white marble altar of Elyvilon.
  3448 | D:5      | Found a shadowy altar of Dithmenos.
  3452 | D:5      | Noticed a gargoyle
  3464 | D:5      | Killed a gargoyle
  3511 | D:5      | Found a shimmering blue altar of Sif Muna.
  3691 | D:5      | Found a runed translucent door.
  3692 | D:5      | Noticed Crazy Yiuf
  3698 | D:5      | Killed Crazy Yiuf
  3752 | D:5      | Reached skill level 7 in Unarmed Combat
  3824 | D:5      | Found an opulent altar of Gozag.
  4119 | D:6      | Found a snail-covered altar of Cheibriados.
  4248 | D:6      | Reached XP level 9. HP: 85/85 MP: 8/8
  4648 | D:6      | Reached skill level 5 in Fighting
  4756 | D:7      | Noticed Dowan
  4786 | D:7      | Reached skill level 8 in Unarmed Combat
  4787 | D:7      | Killed Dowan
  4796 | D:7      | Noticed Duvessa
  4806 | D:7      | Killed Duvessa
  4927 | D:7      | Reached skill level 5 in Dodging
  5280 | D:8      | Found Zeninem's General Store.
  5296 | D:8      | Reached skill level 5 in Throwing
  5304 | D:8      | Noticed Maurice
  5402 | D:7      | Maurice stole 327 gold
  5407 | D:7      | Killed Maurice
  5408 | D:7      | Reached XP level 10. HP: 98/98 MP: 9/9
  5519 | D:8      | Bought a potion of mutation for 112 gold pieces
  5519 | D:8      | Bought a scroll of revelation for 105 gold pieces
  5541 | D:8      | Found a glowing golden altar of the Shining One.
  5669 | D:8      | Reached skill level 9 in Unarmed Combat
  5979 | D:8      | Noticed Gastronok
  5998 | D:8      | Killed Gastronok
  5999 | D:8      | Reached skill level 5 in Armour
  6332 | D:8      | Found a basalt altar of Yredelemnul.
  6334 | D:8      | Identified the +0 falchion of Riciul {freeze, rCorr Str+3
                  | Stlth+}
  6336 | D:8      | Found a broken altar of Ashenzari.
  6339 | D:8      | Noticed Erica
  6341 | D:8      | Found a sacrificial altar of Ru.
  6348 | D:8      | Killed Erica
  6699 | D:9      | Reached skill level 10 in Unarmed Combat
  6699 | D:9      | Reached XP level 11. HP: 87/109 MP: 10/10
  6897 | D:9      | Noticed Psyche
  6904 | D:9      | Killed Psyche
  6963 | D:9      | Noticed a white ugly thing
  6972 | D:9      | Killed a white ugly thing
  7022 | D:9      | Noticed a centaur warrior
  7035 | D:9      | Killed a centaur warrior
  7132 | D:9      | Found an ancient bone altar of Kikubaaqudgha.
  7447 | D:9      | Found an ornate altar of the Wu Jian Council.
  7787 | D:10     | Entered Level 10 of the Dungeon
  7951 | D:10     | Reached skill level 1 in Shapeshifting
  8150 | D:10     | Reached skill level 11 in Unarmed Combat
  8899 | D:11     | Found a staircase to the Lair.
  8977 | D:11     | Found a staircase to the Orcish Mines.
  9002 | D:11     | Reached XP level 12. HP: 116/122 MP: 11/11
  9269 | D:12     | Gained mutation: Armour fits poorly on your strangely
                  | shaped body. [potion of mutation]
  9269 | D:12     | Gained mutation: You possess an exceptional clarity of
                  | mind. [potion of mutation]
  9270 | D:12     | Lost mutation: Armour fits poorly on your strangely shaped
                  | body. [potion of mutation]
  9270 | D:12     | Lost mutation: You possess an exceptional clarity of mind.
                  | [potion of mutation]
  9270 | D:12     | Gained mutation: You are dopey. (Int -2) [potion of
                  | mutation]
  9270 | D:12     | Gained mutation: You occasionally lose the ability to read
                  | scrolls when taking damage. [potion of mutation]
  9270 | D:12     | Lost mutation: You are dopey. (Int -2) [potion of mutation]
  9329 | D:12     | Noticed Frances
  9354 | D:12     | HP: 6/122 [Frances/+2 halberd of freezing (11)]
  9360 | D:12     | Slain by Frances

Illustrated notes

Levels and vault maps discovered:
D:1:      heliophobic_arrival_glass_houses, layout_loops_ring,
          lexackson_kobold_supper
D:2:      layout_basic, nicolae_ecumenical_pavilion, uniq_terence
D:3:      layout_rooms, nzn_hepliaklqana_mist_gate, serial_shops, shop,
          chequers_serial_rivers_micro_b
D:4:      layout_basic, mainiacjoe_overflow_alcove_1,
          mainiacjoe_overflow_small_starburst, nicolae_overflow_hidden_temple,
          minmay_temple_entry_trees, uniq_natasha, uniq_ijyb, uniq_menkaure,
          uniq_pikel
D:5:      layout_layer_cave, nicolae_elyvilon_peaceful_grove,
          nicolae_dithmenos_shadow_blocks,
          nicolae_gozag_cash_rules_everything_around_me, led_sif_book,
          uniq_crazy_yiuf_cottage
D:6:      layout_rooms, mainiacjoe_overflow_boulevard, minmay_nine_imps
D:7:      layout_cave_pools, uniq_duvessa
D:8:      layout_rooms, nicolae_tso_besieged_by_evil,
          minmay_overflow_temple_star_quad, serial_co_window_serial,
          co_window_of_opportunity_a, co_window_corner_a,
          co_window_of_opportunity_a, co_window_corner_a, co_window_paths_a,
          co_window_of_opportunity_a, co_window_broadway_a,
          co_window_unsneaky_path_c, co_window_2corner, co_window_broadway_c,
          co_window_2corner, co_window_paths_c, co_window_corner_cb,
          glass_columns_a, glass_columns_a, serial_shops, shop, uniq_erica,
          uniq_maurice, uniq_gastronok
D:9:      layout_small_grid, lemuel_mausoleum_altar_kikubaaqudgha,
          overflow_temple_1_default, kennysheep_small_spiral, minivault_25_ag,
          hangedman_tell_no_tales, uniq_psyche
D:10:     layout_cave_pods
D:11:     layout_long_grid, lair_entry_dummy,
          kennysheep_orc_monster_closet_entryway
D:12:     layout_loops_ring, special_room [special_room_bee],
          hangedman_abyss_or_decor_lesser_grid, uniq_frances
Temple:   hellmonk_temple_divided_pantheon

Skill      XL: |  1  2  3  4  5  6  7  8  9 10 11 |
---------------+----------------------------------+-----
Throwing       | 1 2 3 4 5 6 7 |  7.1
Armour         | 1 2 3 4 5 6 |  6.4
Dodging        | 3 4 5 6 |  6.8
Fighting       | 3 4 6 7 8 |  8.7
Unarmed Combat | 4 5 6 7 8 10 11 | 11.3
Shapeshifting  | 2 |  2.4

Action                     |  1- 3 |  4- 6 |  7- 9 | 10-12 || total
---------------------------+-------+-------+-------+-------++-------
  Melee: Unarmed           |    79 |   134 |   292 |   498 ||  1003
  Throw: Dart              |       |       |    27 |    12 ||    39
         Large rock        |       |       |       |     8 ||     8
  Evoke: Wand              |       |       |     7 |     9 ||    16
    Use: Scroll            |       |     3 |     5 |     4 ||    12
         Potion            |       |     1 |       |     7 ||     8
 Armour: Robe              |    32 |    65 |   129 |       ||   226
         Skin              |       |    48 |       |       ||    48
         Steam dragon scal |       |       |    27 |   116 ||   143
         Troll leather arm |       |       |       |    74 ||    74
  Dodge: Dodged            |    58 |   104 |   259 |   426 ||   847
         Form:             |       |       |       |     1 ||     1
         Blade             |       |       |       |     1 ||     1

Table legend: (Time is in decaauts)
 A = Elapsed time spent in this place.
 B = Non-inter-level travel time spent in this place.
 C = Inter-level travel time spent in this place.
 D = Time resting spent in this place.
 E = Time spent auto-exploring this place.
 F = Levels seen in this place.
 G = Mean time per level.
                   A        B        C        D        E       F      G
               +--------+--------+--------+--------+--------+-----+--------+
         Total |   9203 |   8853 |    350 |    140 |   6285 |  13 |  707.9 |
       Dungeon |   9171 |   8821 |    350 |    140 |   6285 |  12 |  764.2 |
        Temple |     31 |     31 |      0 |      0 |      0 |   1 |   31.0 |
               +--------+--------+--------+--------+--------+-----+--------+

Top non-repeatable levels by time:
     D:5: 1290 daAuts
     D:9: 1216 daAuts
     D:8: 1140 daAuts
     D:1: 890 daAuts
    D:10: 813 daAuts
     D:4: 769 daAuts
     D:7: 671 daAuts
    D:11: 627 daAuts
     D:6: 592 daAuts
     D:2: 566 daAuts
     D:3: 498 daAuts
    D:12: 94 daAuts
  Temple: 31 daAuts
